 Dungeon Crawl Stone Soup version 0.16-a0-3553-gf2c86d1 (webtiles) character file.

26435 Gronka the Spear-Bearer (level 12, -5/111 HPs)
             Began as a Minotaur Fighter on Jan 10, 2015.
             Slain by a human simulacrum (6 damage)
             ... animated by a necromancer
             ... on level 14 of the Dungeon.
             The game lasted 01:08:39 (12420 turns).

Gronka the Spear-Bearer (Minotaur Fighter)         Turns: 12420, Time: 01:08:44

Health: -5/111     AC: 11    Str: 27    XL:     12   Next: 98%
Magic:  7/7        EV: 12    Int: 10    God:
Gold:   753        SH: 13    Dex:  8    Spells: 0 memorised, 11 levels left

rFire  + . .     SeeInvis .     N - +8 trident (venom)
rCold  . . .     Clarity  +     i - +1 scale mail {rF+}
rNeg   . . .     SustAb   .     c - +0 shield
rPois  .         Gourm    +     (helmet restricted)
rElec  .         Spirit   .     (no cloak)
rCorr  .         Warding  .     H - +0 pair of gloves
rMut   .         Stasis   .     (no boots)
MR     +....                    n - amulet of the gourmand
Stlth  ..........               t - +3 ring of strength
                                k - ring of protection from magic

@: brilliant, about to teleport, somewhat resistant to hostile enchantments,
extremely unstealthy
A: retaliatory headbutt, horns 2, clarity, clumsy 2
a: no special abilities


You were on level 14 of the Dungeon.
You were not hungry.

You visited 1 branch of the dungeon, and saw 12 of its levels.
You also visited: Sewer.

You collected 865 gold pieces.
You spent 112 gold pieces at shops.

Inventory:

Hand weapons
 a - a +0 trident
 N - a +8 trident of venom (weapon)
Armour
 c - a +0 shield (worn)
 h - a +0 chain mail
 i - a +1 scale mail of fire resistance (worn)
 H - a +0 pair of gloves (worn)
Jewellery
 d - an uncursed amulet of rage
 k - a ring of protection from magic (left hand)
 n - an amulet of the gourmand (around neck)
 t - a +3 ring of strength (right hand)
 y - an uncursed ring of ice
 I - an uncursed ring of sustain abilities
 L - an uncursed amulet of regeneration {unknown}
Magical devices
 o - a wand of flame (14)
 r - a wand of disintegration (11)
 x - a wand of slowing (15)
 D - a wand of polymorph (9)
 F - a wand of frost (16)
 K - a wand of polymorph (6)
 P - a wand of magic darts (29)
 T - a wand of flame (34)
 V - a wand of polymorph (8)
Scrolls
 j - a scroll of enchant armour {unknown}
 l - 6 scrolls of remove curse
 m - 2 scrolls of fog {unknown}
 q - 3 scrolls of identify
 C - a scroll of holy word {unknown}
 E - 2 scrolls of teleportation
 M - a scroll of fear {unknown}
 O - 3 scrolls of magic mapping
 Q - a scroll of blinking {unknown}
 R - 5 scrolls of recharging
 Z - a scroll of amnesia {unknown}
Potions
 e - 2 potions of might
 g - a potion of curing
 v - 5 potions of flight
 w - a potion of resistance {unknown}
 z - 2 potions of haste
 A - 2 potions of restore abilities
 G - 2 potions of brilliance
 J - a potion of poison {unknown}
 W - a potion of magic {unknown}
 Y - a potion of cure mutation {unknown}
Books
 S - a Young Poisoner's Handbook

   Spells                             Type                      Level
   a - Sting                          Conjuration/Poison           1
   b - Cure Poison                    Poison                       2
   c - Mephitic Cloud                 Conjuration/Poison/Air       3
   d - Olgreb's Toxic Radiance        Poison                       4
   e - Venom Bolt                     Conjuration/Poison           5
 X - a book of the Dragon

   Spells                             Type                      Level
   a - Flight                         Charms/Air                   3
   b - Cause Fear                     Hexes                        4
   c - Bolt of Fire                   Conjuration/Fire             6
   d - Dragon Form                    Transmutation                7
   e - Dragon's Call                  Summoning                    9
Miscellaneous
 U - a sack of spiders {used: 2}
Comestibles
 b - 4 fruits
 f - 3 beef jerkies
 p - 4 bread rations
 s - 3 slices of pizza
 u - 2 royal jellies
 B - 6 meat rations


   Skills:
 + Level 11.7 Fighting
 + Level 13.7 Polearms
 + Level 0.6 Throwing
 + Level 11.7 Armour
 + Level 8.0 Dodging
 + Level 2.2 Stealth
 + Level 12.8 Shields
 + Level 1.1 Evocations


You had 11 spell levels left.
You didn't know any spells.

Dungeon Overview and Level Annotations

Branches:
Dungeon (14/15)              Lair (0/8) D:9             Orc (0/4) D:12
 Vaults (0/5) D:14
 Temple: D:4-7

Altars:
Beogh

Shops:
D:4 =*}   D:5 }   D:8 (

Annotations:
D:12 Nessos


Innate Abilities, Weirdness & Mutations

You reflexively headbutt those who attack you in melee.
You have a pair of horns on your head.
You possess an exceptional clarity of mind.
You are very clumsy. (Dex -4)


Message History

You feel clever all of a sudden. The necromancer casts a spell at you.
You easily resist.
The human barely misses you.
You block the human simulacrum's attack.
The human simulacrum hits you but does no damage.
Something hits you but does no damage. You block the human skeleton's attack.
Read which item? (? for menu, Esc to quit)
As you read the scroll of teleportation, it crumbles to dust.
You feel strangely unstable. You block the necromancer's attack.
The human hits you!
* * * LOW HITPOINT WARNING * * *
The vault guard hits you with a great sword.
* * * LOW HITPOINT WARNING * * *
The human simulacrum hits you but does no damage.
Something hits you.
* * * LOW HITPOINT WARNING * * *
The human simulacrum hits you.
* * * LOW HITPOINT WARNING * * *
The human simulacrum freezes you.
You die...

........##.......#.....#.....#
.#########)(.....#######.....####
.#########)((....#######.........
........))(............####......
........(#############.# #......
.....(...#$%...#.....#.# #......
#####.)..#(....'Z...(#.# #......
#####....#..∩..p{Z⌠..#.# #......
...##....#?....p@ZZ..#.####......
...##....#?$...#pZZ..#.#.........
...##....########Z''##.#.........
...#####.#((...#†....#.#.........
..)'.....#(...†'.....#.#.........
...#####.#..⌠.††).⌠..#.#..).....#
...# #.#.....'†....#.#........#
...# #.#.....#.....#.######...#
#### #.##††'########.# #...#


You could see a vault guard, a necromancer, a human, 3 human simulacra, a human
zombie, 2 human skeletons and a human skeleton.

Vanquished Creatures
  Erica (D:12)
  A centaur warrior (D:13)
  5 hill giants
  An orc knight (D:13)
  4 cyclopes
  2 wizards (D:14)
  A manticore (D:13)
  7 ugly things
  An octopode (shapeshifter) (D:13)
  Maurice (D:12)
  2 centaur zombies
  3 gargoyles
  2 centaur skeletons
  A komodo dragon (D:13)
  6 trolls
  A baby alligator (shapeshifter) (D:14)
  2 slime creatures (D:14)
  A hungry ghost (D:11)
  A shadow (D:13)
  A trapdoor spider zombie (D:11)
  A centaur simulacrum (D:14)
  A wraith (D:10)
  A trapdoor spider (D:13)
  10 yaks
  A deep elf mage (D:11)
  A deep elf fighter (D:9)
  18 humans (D:14)
  4 vampire mosquitoes (D:13)
  3 hippogriffs
  A water moccasin (D:5)
  10 ice beasts
  8 orc warriors
  A phantom (D:14)
  2 sky beasts
  A wasp (D:11)
  A black bear (D:12)
  A necrophage (D:11)
  2 ogres
  3 boggarts (D:14)
  A crocodile (D:9)
  2 big kobolds
  6 giant frogs
  7 centaurs
  A wyvern zombie (D:9)
  6 scorpions
  2 killer bees (D:9)
  5 wights
  2 quasits
  2 goliath beetles
  3 hounds
  6 crimson imps
  4 giant frog skeletons
  4 orc wizards
  9 orc priests
  A merfolk avatar (Sewer)
  A siren (Sewer)
  5 worker ants
  Jessica (D:3)
  A hound skeleton (D:11)
  2 mummies
  A gnoll (D:1)
  15 adders
  3 river rats
  2 shadow imps
  A worm (D:2)
  2 giant mites (Sewer)
  An adder skeleton (D:8)
  3 giant geckos
  An ooze (D:4)
  30 orcs
  6 ball pythons
  A bat skeleton (D:4)
  A bat zombie (D:5)
  5 giant cockroaches
  11 hobgoblins
  7 jackals
  18 bats
  A giant gecko skeleton (D:4)
  8 giant newts
  A giant spore (D:8)
  8 goblins
  A jackal skeleton (D:5)
  26 kobolds
  57 rats
395 creatures vanquished.

Vanquished Creatures (others)
  3 spiders
  8 drowned souls (Sewer)
  3 giant spores
  A plant (D:9)
15 creatures vanquished.

Grand Total: 410 creatures vanquished

Notes
Turn   | Place    | Note
--------------------------------------------------------------
     0 | D:1      | Gronka, the Minotaur Fighter, began the quest for the Orb.
     0 | D:1      | Reached XP level 1. HP: 19/19 MP: 1/1
   109 | D:1      | Reached skill level 4 in Shields
   109 | D:1      | Reached XP level 2. HP: 20/27 MP: 1/1
   348 | D:1      | Reached XP level 3. HP: 33/33 MP: 2/2
   865 | D:2      | Reached XP level 4. HP: 33/41 MP: 2/2
  1727 | D:3      | Reached XP level 5. HP: 47/47 MP: 2/2
  1733 | D:3      | Reached skill level 5 in Shields
  1809 | D:3      | Reached skill level 1 in Dodging
  2448 | D:3      | Noticed Jessica
  2457 | D:3      | Killed Jessica
  2457 | D:3      | Reached XP level 6. HP: 53/55 MP: 3/3
  2642 | D:4      | Found a glowing drain.
  2666 | Sewer    | Entered a sewer
  2678 | Sewer    | Reached skill level 5 in Armour
  2807 | Sewer    | Reached skill level 5 in Fighting
  2868 | Sewer    | Noticed a drowned soul
  2871 | Sewer    | Noticed a drowned soul
  2871 | Sewer    | Killed a drowned soul
  2875 | Sewer    | Noticed a drowned soul
  2877 | Sewer    | Killed a drowned soul
  2882 | Sewer    | Noticed a drowned soul
  2884 | Sewer    | Noticed a drowned soul
  2884 | Sewer    | Killed a drowned soul
  2888 | Sewer    | Noticed a drowned soul
  2888 | Sewer    | Noticed a drowned soul
  2888 | Sewer    | Killed a drowned soul
  2890 | Sewer    | Noticed a drowned soul
  2891 | Sewer    | Killed a drowned soul
  2891 | Sewer    | Killed a drowned soul
  2892 | Sewer    | Killed a drowned soul
  2894 | Sewer    | Noticed a drowned soul
  2895 | Sewer    | Noticed a drowned soul
  2898 | Sewer    | Killed a drowned soul
  2899 | Sewer    | Noticed a drowned soul
  2901 | Sewer    | Noticed a drowned soul
  2902 | Sewer    | Noticed a drowned soul
  2902 | Sewer    | Noticed a drowned soul
  3261 | D:4      | Reached skill level 5 in Polearms
  3313 | D:4      | Found Trohokk's Jewellery Boutique.
  3342 | D:4      | Found Ytakeva's Antique Armour Shop.
  3409 | D:4      | Reached XP level 7. HP: 61/61 MP: 3/3
  3657 | D:4      | Found Sajiul Gacah's Gadget Boutique.
  3794 | D:4      | Found Jeeceegose's Assorted Antiques.
  3847 | D:4      | Reached skill level 6 in Shields
  4021 | D:5      | Entered Level 5 of the Dungeon
  4025 | D:5      | Found Cunarph's Gadget Emporium.
  4302 | D:5      | You fall through a shaft for 3 floors!
  4302 | D:8      | Found Osymidoi's Antique Weapon Shop.
  4474 | D:8      | Bought a glowing trident for 112 gold pieces
  4500 | D:8      | Reached XP level 8. HP: 70/70 MP: 3/3
  4700 | D:8      | Reached skill level 7 in Shields
  5712 | D:9      | Reached skill level 8 in Shields
  5830 | D:9      | Reached XP level 9. HP: 49/78 MP: 4/4
  6404 | D:9      | Found a staircase to the Lair.
  6431 | D:10     | Entered Level 10 of the Dungeon
  6697 | D:10     | Reached skill level 9 in Shields
  7159 | D:11     | Reached XP level 10. HP: 86/88 MP: 4/4
  7193 | D:11     | Noticed a cyclops
  7207 | D:11     | Killed a cyclops
  7238 | D:11     | Noticed a cyclops
  7266 | D:11     | Killed a cyclops
  7266 | D:11     | Reached skill level 10 in Shields
  7418 | D:11     | Found a frozen archway.
  7440 | D:11     | Reached skill level 10 in Polearms
  7756 | D:11     | Reached skill level 5 in Dodging
  7998 | D:12     | Noticed Maurice
  8007 | D:12     | Killed Maurice
  8037 | D:12     | Noticed a hill giant
  8043 | D:12     | Killed a hill giant
  8074 | D:12     | Noticed Nessos
  8425 | D:12     | Reached skill level 11 in Polearms
  8425 | D:12     | Reached XP level 11. HP: 97/97 MP: 4/4
  8514 | D:12     | Noticed Erica
  8524 | D:12     | Killed Erica
  8524 | D:12     | Reached skill level 10 in Armour
  8795 | D:12     | Found a staircase to the Orcish Mines.
  8968 | D:13     | Noticed a hill giant
  8986 | D:13     | Killed a hill giant
  8986 | D:13     | Reached skill level 10 in Fighting
  9070 | D:13     | Noticed a hill giant
  9093 | D:13     | Noticed a hill giant
  9098 | D:13     | Killed a hill giant
  9163 | D:13     | Killed a hill giant
  9455 | D:13     | Reached skill level 1 in Stealth
  9643 | D:13     | Reached skill level 12 in Polearms
  9709 | D:13     | Found a roughly hewn altar of Beogh.
  9972 | D:13     | Noticed a centaur warrior
  9988 | D:13     | Killed a centaur warrior
 10209 | D:13     | Reached XP level 12. HP: 78/108 MP: 5/5
 10521 | D:13     | Noticed a hill giant
 10533 | D:13     | Killed a hill giant
 10847 | D:14     | HP: 5/110 [red ugly thing (20)]
 11473 | D:14     | Reached skill level 13 in Polearms
 12206 | D:14     | Gained mutation: You are clumsy. (Dex -2) [potion of mutation]
 12206 | D:14     | Gained mutation: You are very clumsy. (Dex -4) [potion of mutation]
 12206 | D:14     | Gained mutation: You possess an exceptional clarity of mind. [potion of mutation]
 12309 | D:14     | Reached skill level 1 in Evocations
 12392 | D:14     | Found a gate to the Vaults.
 12392 | D:14     | Noticed a vault guard
 12420 | D:14     | HP: 5/111 [something (6)]
 12420 | D:14     | HP: 1/111 [human simulacrum[a necromancer] (4)]
 12420 | D:14     | Slain by a human simulacrum

Action                   |  1- 3 |  4- 6 |  7- 9 | 10-12 || total
-------------------------+-------+-------+-------+-------++-------
Melee: Trident           |    97 |   298 |   375 |   642 ||  1412
Throw: Stone             |       |       |       |    15 ||    15
Evoke: Sack of spiders   |       |       |       |     2 ||     2
       Wand              |       |       |       |     3 ||     3
  Use: Potion            |       |       |     3 |    14 ||    17
       Scroll            |       |       |     4 |    15 ||    19
 Stab: Distracted        |       |       |       |     1 ||     1
       Held in net/web   |       |       |       |     1 ||     1
  Eat: Chunk             |       |    13 |     4 |    30 ||    47
       Bread ration      |       |     1 |       |       ||     1
       Beef jerky        |       |       |     1 |       ||     1
       Fruit             |       |       |       |     1 ||     1
